 Dungeon Crawl Stone Soup version 0.32-a0-932-g546787307d (webtiles) character file.

Game seed: 10176906986766468844

300 Decritt the Trooper (level 6, 0/40 HPs)
             Began as a Gargoyle Fighter on Apr 14, 2024.
             Shot with an arrow by a centaur (11 damage)
             ... on level 5 of the Dungeon.
             The game lasted 00:06:21 (2829 turns).

Decritt the Trooper (Gargoyle Fighter)              Turns: 2829, Time: 00:06:22

Health: 0/40       AC: 15    Str: 23    XL:     6   Next: 36%
Magic:  6/6        EV:  9    Int:  9    God:
Gold:   158        SH:  7    Dex: 13    Spells: 5/5 levels left

rFire   . . .        v - +1 war axe "Arbiter" {freeze, rN+ Dex+4}
rCold   + + .        l - +2 buckler
rNeg    + + +        t - +3 ring mail of Unambiguity {rC++ rN+ Str+2}
rPois   ∞            (no helmet)
rElec   +            (no cloak)
rCorr   .            n - +1 pair of gloves {Stlth+}
SInv    .            (no boots)
Will    .....        (no amulet)
Stlth   ++           (no ring)
HPRegen 0.26/turn    (no ring)
MPRegen 0.10/turn

%: no passive effects
@: no status effects
A: sickness immunity, AC +4, negative energy resistance 1, electricity
resistance, torment resistance 1, petrification resistance
a: no special abilities


You were on level 5 of the Dungeon.
You visited 1 branch of the dungeon, and saw 5 of its levels.

You collected 158 gold pieces.

Inventory:

Hand Weapons
 a - a +1 flail
 v - the +1 war axe "Arbiter" (weapon) {freeze, rN+ Dex+4}
   (You found it on level 4 of the Dungeon)

   Dex+4:     It affects your dexterity (+4).
   rN+:       It protects you from negative energy.
Missiles
 h - 3 throwing nets (quivered)
Armour
 b - a +0 scale mail
 c - a +0 buckler
 l - a +2 buckler (worn)
 n - a +1 pair of gloves of stealth (worn)
 t - the +3 ring mail of Unambiguity (worn) {rC++ rN+ Str+2}
   (You found it on level 4 of the Dungeon)

   Str+2:     It affects your strength (+2).
   rC++:      It greatly protects you from cold.
   rN+:       It protects you from negative energy.
Jewellery
 e - a +6 ring of intelligence
Wands
 p - a wand of flame (22)
Scrolls
 j - 4 scrolls of teleportation
 k - a scroll of enchant weapon
 o - a scroll of poison {unknown}
 q - a scroll of blinking {unknown}
 r - a scroll of immolation
 s - a scroll of noise {unknown}
 u - a scroll of brand weapon {unknown}
Potions
 d - a potion of might
 f - 3 potions of haste
 g - a potion of resistance
 i - 3 potions of curing
 m - a potion of brilliance {unknown}


   Skills:
 * Level 5.1 Fighting
 * Level 4.1 Maces & Flails
 + Level 4.1 Armour
 + Level 0.0 Dodging
 + Level 4.3 Shields


You had 5 spell levels left.
You didn't know any spells.
Your spell library contained the following spells:

 Spells                   Type           Power      Damage    Failure   Level
 Magic Dart               Conj           0%         1d3       58%         1
 Blink                    Tloc           0%         N/A       75%         2
 Call Imp                 Summ           0%         N/A       75%         2
 Static Discharge         Conj/Air       0%         3-3/arc   75%         2
 Airstrike                Air            0%         2d(0-16)  100%        4
 Summon Lightning Spire   Summ/Air       0%         N/A       100%        4


Dungeon Overview and Level Annotations

Branches:
Dungeon (5/15)
 Temple: D:4-7

Altars:
Makhleb
The Shining One


Innate Abilities, Weirdness & Mutations

You are immune to sickness and miasma.
Your stone body is resilient. (AC +4)
You are immune to poison.
You resist negative energy. (rN+)
You are resistant to electric shocks. (rElec)
You are resistant to unholy torment.
You are immune to petrification.


Message History

The +1 war axe "Arbiter" {freeze, rN+ Dex+4} stops glowing.
a - a +1 flail (weapon)
Your movement speed is average.
Your attack delay is about 1.2.
Your damage rating with your +1 flail is about 16 (Base 10 x 132% (Str) x 117% (Skill) + 1 (Ench)).
Your base attributes are Str 21, Int 9, Dex 9.
Unknown command.
You feel agile.
The +1 war axe "Arbiter" {freeze, rN+ Dex+4} glows with a cold blue light!
v - the +1 war axe "Arbiter" (weapon)
{freeze, rN+ Dex+4} Done exploring.
There is a stone staircase leading down here.
You climb downwards.
The gnoll shouts! x3; The centaur shouts!
Found a stone staircase leading down.
There is a stone staircase leading up here.
There are monsters nearby!
The centaur wields a +0 shortbow.
The centaur shoots an arrow.
You block the arrow.
The centaur shoots an arrow.
The arrow closely misses you.
The centaur shoots an arrow.
You block the arrow.
A dart slug comes into view.
The gnoll hits you from afar with a +0 halberd!
The centaur shoots an arrow.
The arrow barely misses you. The gnoll closely misses you. x2
The centaur shoots an arrow.
The arrow barely misses you.
The centaur shoots an arrow.
You block the arrow.
A black bear comes into view.
The gnoll hits you from afar with a +0 halberd.
There is a stone staircase leading up here.
The black bear growls angrily.
The centaur shoots an arrow.
You block the arrow. The dart slug launches a dart at you.
The slug dart hits you.
The gnoll hits you from afar with a +0 halberd!
* * * LOW HITPOINT WARNING * * *
The gnoll misses you.
The centaur shoots an arrow.
The arrow hits you!
* * * LOW HITPOINT WARNING * * *
The centaur shoots an arrow.
The arrow hits you!
You die...

................
.w..............
.h.....c...>....
................
................
................
................
.......@gg......
.........g......
................
................
################


You could see a black bear, a centaur, 3 gnolls and a dart slug.

Vanquished Creatures
  2 scorpions (D:4)
  A bombardier beetle (D:3)
  A jelly (D:4)
  4 gnolls (D:3)
  2 adders (D:4)
  2 ribbon worms
  A dart slug (D:4)
  An orc (D:4)
  7 bats
  5 endoplasms
  3 giant cockroaches
  4 goblins
  7 hobgoblins
  A quokka (D:2)
  8 ball pythons
  A frilled lizard (D:3)
  4 kobolds
  2 rats
56 creatures vanquished.

Notes
Turn   | Place    | Note
-------+----------+-------------------------------------------
     0 | D:1      | Decritt the Gargoyle Fighter began the quest for the Orb.
     0 | D:1      | Reached XP level 1. HP: 14/14 MP: 1/1
   306 | D:1      | Reached XP level 2. HP: 19/19 MP: 2/2
  1069 | D:2      | Reached XP level 3. HP: 24/24 MP: 3/3
  1614 | D:3      | Found a burning altar of Makhleb.
  1633 | D:3      | Reached skill level 4 in Fighting
  1645 | D:3      | Reached XP level 4. HP: 16/29 MP: 4/4
  1847 | D:3      | Found a glowing golden altar of the Shining One.
  1879 | D:3      | Reached XP level 5. HP: 34/34 MP: 5/5
  2397 | D:4      | Reached skill level 5 in Fighting
  2397 | D:4      | Reached XP level 6. HP: 40/40 MP: 6/6
  2468 | D:4      | Identified the +3 ring mail of Unambiguity {rC++ rN+ Str+2}
  2637 | D:4      | Identified the +1 war axe "Arbiter" {freeze, rN+ Dex+4}
  2822 | D:5      | Entered Level 5 of the Dungeon
  2827 | D:5      | Noticed a black bear
  2829 | D:5      | Shot with an arrow by a centaur

Illustrated notes

Levels and vault maps discovered:
D:1:      mainiacjoe_arrival_oval_in_oval, layout_rooms
D:2:      layout_loops_cross
D:3:      layout_loops_ring, old_standard_altar, mainiacjoe_overflow_alcove_2,
          kennysheep_generic_room_9
D:4:      layout_basic, hangedman_decor_clover_reticule
D:5:      layout_gridville, serial_shops, shop, kennysheep_small_square

Skill      XL: |  1  2  3  4  5 |
---------------+----------------+-----
Fighting       | 4 5 |  5.1
Maces & Flails | 3 4 |  4.1
Shields        | 4 |  4.3
Armour         | 4 |  4.1

Action                     |  1- 3 |  4- 6 || total
---------------------------+-------+-------++-------
  Melee: Flail             |   114 |    83 ||   197
         War axe           |       |     8 ||     8
    Use: Scroll            |       |     8 ||     8
   Stab: Sleeping          |       |     1 ||     1
 Armour: Scale mail        |    91 |    49 ||   140
         Ring mail         |       |    17 ||    17
  Dodge: Dodged            |    60 |    33 ||    93
  Block: Buckler           |    40 |    27 ||    67

Table legend: (Time is in decaauts)
 A = Elapsed time spent in this place.
 B = Non-inter-level travel time spent in this place.
 C = Inter-level travel time spent in this place.
 D = Time resting spent in this place.
 E = Time spent auto-exploring this place.
 F = Levels seen in this place.
 G = Mean time per level.
                   A        B        C        D        E       F      G
               +--------+--------+--------+--------+--------+-----+--------+
         Total |   2886 |   2807 |     79 |      0 |   2204 |   5 |  577.2 |
       Dungeon |   2886 |   2807 |     79 |      0 |   2204 |   5 |  577.2 |
               +--------+--------+--------+--------+--------+-----+--------+

Top non-repeatable levels by time:
     D:3: 903 daAuts
     D:2: 761 daAuts
     D:4: 661 daAuts
     D:1: 553 daAuts
     D:5: 6 daAuts
